 Dungeon Crawl Stone Soup version 0.31-a0-263-ge8cad7f256 (webtiles) character file.

Game seed: 9715879848924744162

50 qw the Shooter (level 3, -7/21 HPs)
             Began as a Gargoyle Hexslinger on July 13, 2023.
             Killed from afar by Sigmund (8 damage)
             ... with a magic dart
             ... on level 2 of the Dungeon.
             The game lasted 00:00:33 (1498 turns).

qw the Shooter (Gargoyle Hexslinger)                Turns: 1498, Time: 00:00:33

Health: -7/21      AC:  5    Str: 11    XL:     3   Next: 79%
Magic:  4/4        EV: 12    Int: 13    God:
Gold:   109        SH:  0    Dex: 14    Spells: 3/4 levels left

rFire   . . .        Y - +1 sling
rCold   . . .        (no shield)
rNeg    + . .        c - +0 robe
rPois   inf          (no helmet)
rElec   +            (no cloak)
rCorr   .            (no gloves)
SInv    .            (no boots)
Will    .....        (no amulet)
Stlth   +            (no ring)
HPRegen 0.23/turn    (no ring)
MPRegen 0.09/turn

%: no passive effects
@: no status effects
A: sickness immunity, AC +3, negative energy resistance 1, electricity
resistance, torment resistance 1, petrification resistance
a: no special abilities


You were on level 2 of the Dungeon.
You visited 1 branch of the dungeon, and saw 2 of its levels.

You collected 109 gold pieces.


Innate Abilities, Weirdness & Mutations

You are immune to sickness and miasma.
Your stone body is resilient. (AC +3)
You are immune to poison.
You resist negative energy. (rN+)
You are resistant to electric shocks. (rElec)
You are resistant to unholy torment.
You are immune to petrification.


   Skills:
 - Level 2.1 Fighting
 + Level 3.6 Ranged Weapons
 - Level 1.5 Dodging
 - Level 1.0 Spellcasting
 - Level 2.6 Hexes


You had 3 spell levels left.
You knew the following spells:

 Your Spells              Type           Power      Damage    Failure   Level
a - Slow                  Hex            28%        N/A       10%         1

Your spell library contained the following spells:

 Spells                   Type           Power      Damage    Failure   Level
 Inner Flame              Hex/Fire       4%         N/A       43%         3
 Portal Projectile        Hex/Tloc       8%         N/A       43%         3
 Cause Fear               Hex            3%         N/A       67%         4

Inventory:

Hand Weapons
 Y - a +1 sling (weapon)
Armour
 c - a +0 robe (worn)
 f - a +0 leather armour
Scrolls
 a - 2 scrolls of identify
 h - 2 scrolls of teleportation
Potions
 b - a potion of brilliance {unknown}
 d - a potion of enlightenment {unknown}
 e - a potion of attraction {unknown}
 j - a potion of haste {unknown}

Dungeon Overview and Level Annotations

Branches:
Dungeon (2/15)

Altars:

Annotations:
D:2 1 runed translucent door, Crazy Yiuf, Sigmund


Message History

Sigmund is moderately wounded.
Sigmund completely misses you.
You shoot a sling bullet.
The sling bullet hits Sigmund but does no damage.
Sigmund is moderately wounded.
Sigmund hits you but does no damage.
You shoot a sling bullet.
The sling bullet closely misses Sigmund.
Sigmund points at you and mumbles some strange words.
The magic dart hits you.
You shoot a sling bullet. The sling bullet hits Sigmund.
Sigmund is moderately wounded.
Sigmund casts a spell at you. You resist with significant effort.
You shoot a sling bullet. The sling bullet hits Sigmund.
Sigmund is heavily wounded.
Sigmund gestures at you while chanting. You resist with significant effort.
You shoot a sling bullet. The sling bullet hits Sigmund.
Sigmund is heavily wounded.
Sigmund misses you.
You shoot a sling bullet. The sling bullet hits Sigmund.
Sigmund is heavily wounded.
Sigmund gestures wildly while chanting.
Sigmund flickers and vanishes!
Deactivating autopickup; reactivate with Ctrl-A.
You shoot a sling bullet. Something hits you.
You shoot a sling bullet. Something hits you!
You shoot a sling bullet. Something hits you.
You shoot a sling bullet.
You hear some strange, mumbled words.
A puff of flame appears from out of thin air!
The puff of flame hits you.
You shoot a sling bullet.
A magic dart appears from out of thin air!
The magic dart hits you!
You die...

#.##..#
............#
#.##..#
...........#
#.##..#
.......$..#
#.##..#
..)......#
#.##..#
#........#
#.....#
#..{.....#
#####.#
#........#
#...# #.@#
#####.###
##.## #.....#
#..####
#.#####
##....####.#
####.#....#
#.#.####
#..># ###.#
#.#


There were no monsters in sight!

Vanquished Creatures
  An adder (D:2)
  2 bats (D:2)
  5 endoplasms
  A giant cockroach (D:2)
  7 goblins
  3 hobgoblins (D:2)
  6 jackals (D:2)
  3 kobolds
  3 ball pythons (D:1)
  3 frilled lizards
  A giant cockroach zombie (D:2)
  A rat (D:1)
36 creatures vanquished.

Notes
Turn   | Place    | Note
-------+----------+-------------------------------------------
     0 | D:1      | qw the Gargoyle Hexslinger began the quest for the Orb.
     0 | D:1      | Reached XP level 1. HP: 12/12 MP: 2/2
     0 | D:1      | 0 ||| qw: Version: 0.3-a-52-g30416fa
     0 | D:1      | 0 ||| qw: Game counter: 7042
     0 | D:1      | 0 ||| qw: Melee chars always use a shield: true
     0 | D:1      | 0 ||| qw: God list: Okawaru
     0 | D:1      | 0 ||| qw: Allow faded altars: false
     0 | D:1      | 0 ||| qw: Do Orc after clearing Dungeon:15 true
     0 | D:1      | 0 ||| qw: Do second Lair branch before Depths: true
     0 | D:1      | 0 ||| qw: Lair rune preference: random
     0 | D:1      | 0 ||| qw: Goals: Normal
     0 | D:1      | 0 ||| PLANNING D:1-11
   458 | D:1      | Reached XP level 2. HP: 16/16 MP: 3/3
   854 | D:1      | 854 ||| READING scroll labelled PADALE KINAGOXT.
   855 | D:1      | 855 ||| READING scroll labelled QIHE CYWAZYR.
   856 | D:1      | 856 ||| READING 2 scrolls labelled ZUSKOG IDAOMNA.
   859 | D:1      | 859 ||| READING scroll labelled ZIODUSCHI FIAH.
   860 | D:1      | 860 ||| DROPPING scroll of poison.
   884 | D:2      | Reached skill level 3 in Ranged Weapons
  1026 | D:2      | Reached XP level 3. HP: 19/21 MP: 4/4
  1275 | D:2      | Found a runed translucent door.
  1276 | D:2      | Noticed Crazy Yiuf
  1478 | D:2      | Noticed Sigmund
  1496 | D:2      | HP: 5/21 [something (2)]
  1497 | D:2      | HP: 1/21 [something/puff of flame (4)]
  1498 | D:2      | Killed from afar by Sigmund

Levels and vault maps discovered:
D:1:      dpeg_arrival_pits, layout_basic
D:2:      layout_basic, serial_undead, serial_undead_d, serial_undead_e,
          serial_undead_e, serial_undead_e, serial_undead_b,
          uniq_crazy_yiuf_cottage, uniq_sigmund

Skill      XL: |  1  2 |
---------------+-------+-----
Ranged Weapons | 3 |  3.6
Fighting       | 2 |  2.1
Dodging        | |  1.5
Spellcasting   | |  1.0
Hexes          | |  2.6

Action                     || total
---------------------------++-------
   Fire: Sling             ||   137
    Use: Scroll            ||     4
 Armour: Robe              ||    11
  Dodge: Dodged            ||    40

Table legend:
 A = Non-vault XP
 B = Vault XP
 C = Vault XP percentage of total XP
 D = Non-vault monster count
 E = Vault monster count
 F = Vault count percentage of total count
                 A         B        C        D         E       F
            +---------+---------+-------+---------+---------+-------
      Total |      71 |       1 |   1.4 |      35 |       1 |   2.8
            +---------+---------+-------+---------+---------+-------
        D:1 |      16 |       0 |   0.0 |      11 |       0 |   0.0
        D:2 |      55 |       1 |   1.8 |      24 |       1 |   4.0
            +---------+---------+-------+---------+---------+-------
